 Dungeon Crawl Stone Soup version 0.31.0-32-g396128a36d (webtiles) character file.

Game seed: 18040550639855326539

50 spaghetti the Covert (level 3, -1/34 HPs)
             Began as a Naga Delver on Mar 9, 2024.
             Slain by a white imp (4 damage)
             ... on level 5 of the Dungeon.
             The game lasted 00:01:06 (356 turns).

spaghetti the Covert (Naga Delver)                   Turns: 356, Time: 00:01:07

Health: -1/34      AC:  2    Str: 14    XL:     3   Next: 79%
Magic:  3/3        EV:  9    Int: 12    God:
Gold:   60         SH:  0    Dex: 12    Spells: 2/2 levels left

rFire   . . .        a - +0 short sword
rCold   . . .        (no shield)
rNeg    . . .        b - +0 leather armour
rPois   +            (no helmet)
rElec   .            (no cloak)
rCorr   .            (no gloves)
SInv    +            (no barding)
Will    .....        (no amulet)
Stlth   ++++         (no ring)
HPRegen 0.25/turn    (no ring)
MPRegen 0.08/turn

%: no passive effects
@: short of breath, hasted, quick
A: AC +1, large, see invisible, deformed body, poison resistance, slowness 2,
spit poison 1, naga tail 1
a: Spit Poison


You were on level 5 of the Dungeon.
You visited 1 branch of the dungeon, and saw 2 of its levels.

You collected 60 gold pieces.

Inventory:

Hand Weapons
 a - a +0 short sword (weapon)
Armour
 b - a +0 leather armour (worn)
Wands
 d - a wand of paralysis (15)
 g - a wand of digging (3)
Scrolls
 c - a scroll of fog
 e - a scroll of fear
Potions
 h - a potion of magic


   Skills:
 - Level 3.0 Fighting
 - Level 2.0 Short Blades
 - Level 1.5 Dodging
 + Level 9.2 Stealth


You had 2 spell levels left.
You didn't know any spells.
Your spell library was empty.

Dungeon Overview and Level Annotations

Branches:
Dungeon (5/15)
 Temple: D:4-7

Altars:


Innate Abilities, Weirdness & Mutations

Your serpentine skin is tough. (AC +1)
You have supernaturally acute eyesight. (SInv)
Armour fits poorly on your strangely shaped body.
Your system is resistant to poisons. (rPois)
You cover ground very slowly.
You can spit poison.
You have a snake-like lower body.


Message History

The white imp disappears for a moment.
The white imp barely misses you.
You hit the white imp.
The white imp is heavily wounded.
The white imp hits you but does no damage.
You hit the white imp but do no damage.
The white imp is heavily wounded.
The white imp closely misses you.
You barely miss the white imp.
The white imp is heavily wounded.
The white imp closely misses you.
You hit the white imp.
The white imp is heavily wounded.
You hit the white imp but do no damage.
The white imp is heavily wounded.
The white imp gestures at you. The puff of frost hits you!
You barely miss the white imp.
The white imp is heavily wounded.
The white imp hits you. The white imp freezes you.
* * * LOW HITPOINT WARNING * * *
Aiming: Spit Poison (2% risk of failure)
Press: ? - help, Shift-Dir - straight line, f/p - white imp
Aim: a white imp (heavily wounded, 59% to hit)
The splash of poison hits the white imp.
The white imp completely resists.
The white imp is heavily wounded.
The white imp hits you.
* * * LOW HITPOINT WARNING * * *
The white imp freezes you.
* * * LOW HITPOINT WARNING * * *
Unknown command.
Unknown command.
You feel yourself speed up. The white imp barely misses you.
You barely miss the white imp.
The white imp is heavily wounded.
The white imp hits you.
* * * LOW HITPOINT WARNING * * *
The white imp freezes you.
You die...

*,* #.#######.##**, *,* ##.#
*...**, *,* #.)# ***.,*, *,*
#.## **,,, *,* #.# ***, *,*
##.# *, *,* ##..# *, *,*
#..## *, *,* *#@## *,
******,***#5.# *,
*,,,,,,,,...## **,
*,,,,,,....#***************,,
*,,,,.....#*,,,,,,,,,,,,,,,,,
*,,,,.....**,******,,,,,*,,,,
*,,,,....,,,,,,,,,,,,,,,,,,,,
**,*,≈.≈≈~,~~~,~,,,,,,,,,,,,,
*,*,~,,,~,~,,,~,,,,,,,,,,,,,


You could see a white imp.

Vanquished Creatures
  A bombardier beetle (D:5)
  An adder (D:5)
  An orc (D:5)
  A goblin (D:4)
  3 jackals
7 creatures vanquished.

Notes
Turn   | Place    | Note
-------+----------+-------------------------------------------
     0 | D:5      | spaghetti the Naga Delver began the quest for the Orb.
     0 | D:5      | Reached XP level 1. HP: 21/21 MP: 1/1
   281 | D:5      | Noticed a bombardier beetle
   286 | D:5      | Killed a bombardier beetle
   287 | D:5      | Reached skill level 8 in Stealth
   287 | D:5      | Reached XP level 2. HP: 28/28 MP: 2/2
   287 | D:5      | Reached XP level 3. HP: 34/34 MP: 3/3
   305 | D:5      | Reached skill level 9 in Stealth
   356 | D:5      | Slain by a white imp

Illustrated notes

Levels and vault maps discovered:
D:4:      cheibrodos_barr_body, layout_basic, okawaru_altar_gauntlet_db,
          minmay_temple_entry_glassed_door, portal_sewer_entry_f, serial_shops,
          shop, uniq_blork_the_orc
D:5:      layout_rooms, mainiacjoe_overflow_large_starburst,
          kennysheep_generic_room_9

Skill      XL: |  1  2  3 |
---------------+----------+-----
Stealth        | 8 9 |  9.2
Fighting       | |  3.0
Short Blades   | |  2.0
Dodging        | |  1.5

Action                     || total
---------------------------++-------
  Melee: Short sword       ||    33
Ability: Spit Poison       ||     7
    Use: Scroll            ||     2
         Potion            ||     1
 Armour: Leather armour    ||    22
  Dodge: Dodged            ||    22
